 Dungeon Crawl Stone Soup version 0.21.1-1-g345015f (webtiles) character file.

130 Fang the Skirmisher (level 5, 0/33 HPs)
             Began as a Gargoyle Berserker on June 14, 2018.
             Was a Believer of Trog.
             Slain by manchovi's ghost (4 damage)
             ... on level 3 of the Dungeon.
             The game lasted 00:03:30 (2481 turns).

Fang the Skirmisher (Gargoyle Berserker)            Turns: 2481, Time: 00:03:30

Health: 0/33       AC:  6    Str: 19 (22) XL:     5   Next: 14%
Magic:  5/5        EV: 12    Int:  5 (7)  God:    Trog [**....]
Gold:   104        SH:  0    Dex:  8 (9)  Spells: 4/4 levels left

rFire    . . .     SeeInvis .   a - +0 hand axe
rCold    . . .     Gourm    .   (no shield)
rNeg     + . .     Faith    .   b - +0 animal skin
rPois    ∞         Spirit   .   (no helmet)
rElec    +         Reflect  .   (no cloak)
rCorr    .         Harm     .   (no gloves)
MR       .....                  (no boots)
Stlth    +.........             h - amulet of inaccuracy (curse)
HPRegen  0.11/turn              (no ring)
MPRegen  0.09/turn              (no ring)

@: hasted, very quick
A: negative energy resistance 1, electricity resistance, unbreathing,
petrification resistance, rot immunity, AC +4
a: Berserk, Trog's Hand, Burn Spellbooks, Renounce Religion


You were on level 3 of the Dungeon.
You worshipped Trog.
Trog was pleased with you.
You were near starving.

You visited 1 branch of the dungeon, and saw 3 of its levels.

You collected 104 gold pieces.

Inventory:

Hand Weapons
 a - a +0 hand axe (weapon)
Armour
 b - a +0 animal skin (worn)
Jewellery
 h - a cursed amulet of inaccuracy (around neck)
Scrolls
 d - 4 scrolls of remove curse {unknown}
 e - 4 scrolls of teleportation {unknown}
 f - 2 scrolls of identify {unknown}
 j - a scroll of immolation {unknown}
Potions
 g - 2 potions of lignification
 k - a potion of degeneration
Comestibles
 c - 3 rations
 m - 2 chunks of flesh


   Skills:
 + Level 4.0 Fighting
 + Level 3.9 Axes
 + Level 2.3 Armour
 + Level 2.6 Dodging
 + Level 1.0 Stealth


You had 4 spell levels left.
You didn't know any spells.

Dungeon Overview and Level Annotations

Branches:
Dungeon (3/15)

Altars:
Cheibriados
Dithmenos

Annotations:
D:3 manchovi's ghost, amateur DrFE


Innate Abilities, Weirdness & Mutations

You are resistant to torment.
Your stone body is resilient. (AC +4)
You are immune to poison.
You resist negative energy. (rN+)
You are resistant to electric shocks. (rElec)
You can survive without breathing.
You are immune to petrification.
You are immune to rotting.


Message History

Manchovi's ghost is severely damaged.
Manchovi's ghost closely misses you.
You completely miss manchovi's ghost.
Manchovi's ghost is severely damaged.
Manchovi's ghost casts a spell at you. The flame tongue misses you.
You closely miss manchovi's ghost.
Manchovi's ghost is severely damaged.
You miss manchovi's ghost.
Manchovi's ghost is severely damaged.
Manchovi's ghost hits you but does no damage.
You closely miss manchovi's ghost.
Manchovi's ghost is severely damaged.
Manchovi's ghost closely misses you.
You miss manchovi's ghost.
Manchovi's ghost is severely damaged.
You barely miss manchovi's ghost.
Manchovi's ghost is severely damaged.
Manchovi's ghost hits you.
You die...

#.#....#..# #..
#.#.#..#..# #..
#.#.##.#..# #<#
######..)......#####
.........###.......†.
#####.##.###....#####
#######..........## #
##....)##)...##.#.# #
......)@W)).....#.#
##....)##†..#.###.#
#..... #...#.# #.#
#..... #...#.) #.#
....... #...##.##.#
....... #...# .. .#
....... #...# .#
....... #...#


You could see manchovi's ghost.

Vanquished Creatures
  Robin (D:3)
  4 adders (D:2)
  2 dart slugs (D:2)
  4 leopard geckos
  3 orcs (D:3)
  5 ball pythons
  4 bats
  A giant cockroach (D:3)
  15 goblins
  7 hobgoblins
  4 jackals
  6 kobolds
  3 frilled lizards
  11 rats
70 creatures vanquished.

Notes
Turn   | Place    | Note
-------+----------+-------------------------------------------
     0 | D:1      | Fang the Gargoyle Berserker began the quest for the Orb.
     0 | D:1      | Reached XP level 1. HP: 14/14 MP: 1/1
   126 | D:1      | Reached XP level 2. HP: 19/19 MP: 2/2
   542 | D:1      | Reached XP level 3. HP: 23/23 MP: 3/3
   774 | D:2      | Found a snail-covered altar of Cheibriados.
   831 | D:2      | Reached ** piety under Trog
  1273 | D:2      | Found a shadowy altar of Dithmenos.
  1520 | D:2      | Reached XP level 4. HP: 17/29 MP: 4/4
  2344 | D:3      | Reached skill level 1 in Stealth
  2387 | D:3      | Noticed manchovi's ghost (amateur DrFE)
  2407 | D:3      | Noticed Robin
  2422 | D:3      | Killed Robin
  2422 | D:3      | Reached skill level 4 in Fighting
  2422 | D:3      | Reached XP level 5. HP: 22/33 MP: 5/5
  2481 | D:3      | Slain by manchovi's ghost

Skill      XL: |  1  2  3  4 |
---------------+-------------+-----
Axes           | 3 |  3.9
Dodging        | 2 |  2.6
Stealth        | 1 |  1.0
Fighting       | 4 |  4.0
Armour         | |  2.3

Action                   |  1- 3 |  4- 6 || total
-------------------------+-------+-------++-------
Melee: Hand axe          |   143 |   147 ||   290
Invok: Berserk           |       |     2 ||     2
  Use: Potion            |       |     4 ||     4
 Stab: Sleeping          |     1 |       ||     1
  Eat: Chunk             |     1 |     5 ||     6
Armor: Animal skin       |    51 |    48 ||    99
       Skin              |       |    30 ||    30
Dodge: Dodged            |   106 |    97 ||   203
